 Dungeon Crawl Stone Soup version 0.30.1-3-gfc49f6343a (webtiles) character file.

Game seed: 1362507696115406431

19970 Wiggles the Severer (level 12, -45/169 HPs)
             Began as a Minotaur Berserker on Aug 10, 2023.
             Was a High Priest of Trog.
             Annihilated by a titanic slime creature (81 damage)
             ... on level 12 of the Dungeon.
             The game lasted 00:22:04 (10303 turns).

Wiggles the Severer (Minotaur Berserker)           Turns: 10303, Time: 00:22:05

Health: -45/169    AC: 23    Str: 26    XL:     12   Next: 41%
Magic:  11/11      EV:  8    Int:  4    God:    Trog [*****.]
Gold:   491        SH:  9    Dex: 11    Spells: 11/11 levels left

rFire   . . .        E - +1 war axe
rCold   . . .        c - +0 kite shield
rNeg    . . .        z - +2 plate armour
rPois   .            a - +0 hat "Lunaqize" {Rampage Fly}
rElec   .            w - +0 cloak
rCorr   +            m - +0 pair of gloves
SInv    +            q - +2 pair of boots
Will    .....        D - amulet of regeneration Stlth
                     C - ring of see invisible
HPRegen 1.28/turn    d - ring of resist corrosion
MPRegen 0.12/turn

%: rampage
@: berserking (expiring), flying, very quick
A: horns 2, retaliatory headbutt
a: Renounce Religion, Berserk, Trog's Hand, Brothers in Arms


You were on level 12 of the Dungeon.
You worshipped Trog.
Trog was extremely pleased with you.
You visited 1 branch of the dungeon, and saw 12 of its levels.

You collected 603 gold pieces.
You spent 112 gold pieces at shops.

Inventory:

Hand Weapons
 E - a +1 war axe (weapon)
Missiles
 y - 7 throwing nets (quivered)
Armour
 a - the +0 hat "Lunaqize" (worn) {Rampage Fly}
   (You acquired it on level 6 of the Dungeon)

   Fly:       It grants you flight.
   Rampage:   It bestows one free step when moving towards enemies.
 c - a +0 kite shield (worn)
 m - a +0 pair of gloves (worn)
 q - a +2 pair of boots (worn)
 w - a +0 cloak (worn)
 z - a +2 plate armour (worn)
Jewellery
 d - a ring of resist corrosion (right hand)
 C - a ring of see invisible (left hand)
 D - an amulet of regeneration (around neck)
Wands
 b - a wand of paralysis (3)
 n - a wand of quicksilver (6)
Scrolls
 f - 2 scrolls of fog
 h - 2 scrolls of poison
 i - 7 scrolls of teleportation
 j - a scroll of immolation
 v - a scroll of magic mapping
 B - a scroll of blinking
 F - a scroll of enchant weapon
Potions
 e - 2 potions of lignification
 g - a potion of invisibility
 k - 2 potions of magic
 l - 2 potions of haste
 o - 4 potions of brilliance
 p - 3 potions of heal wounds
 r - a potion of resistance
 s - 2 potions of flight {unknown}
 t - a potion of curing {unknown}
 u - 6 potions of degeneration
 x - 5 potions of ambrosia
 A - 3 potions of mutation {unknown}


   Skills:
 + Level 12.7 Fighting
 + Level 16.5 Axes
 + Level 11.2 Armour
 + Level 5.1 Dodging
 + Level 1.9 Stealth
 + Level 6.5 Shields
 + Level 0.9 Evocations


You had 11 spell levels left.
You didn't know any spells.
Your spell library was empty.

Dungeon Overview and Level Annotations

Branches:
Dungeon (12/15)            Temple (0/1) D:4            Lair (0/5) D:8
    Orc (0/2) D:10

Altars:
Cheibriados
Dithmenos
Elyvilon
Hepliaklqana
Kikubaaqudgha
Okawaru
Qazlal
Sif Muna
Trog
Zin

Shops:
D:1 (   D:4 [   D:8 [[

Annotations:
D:10 2 transporters, Zeor's ghost, journeyman VSEn


Innate Abilities, Weirdness & Mutations

You have a pair of horns on your head.
You reflexively headbutt those who attack you in melee.


Message History

The slime creature hits you but does no damage.
You slice the slime creature!!
You kill the slime creature!
Trog accepts your kill.
A manticore comes into view.
A red film seems to cover your vision as you go berserk!
You feel yourself moving faster!
You feel mighty!
You rampage towards the titanic slime creature!
You slice the titanic slime creature!!
You headbutt the titanic slime creature!
The titanic slime creature is heavily wounded.
You slash the titanic slime creature!
Your headbutt misses the titanic slime creature.
The titanic slime creature is heavily wounded.
The titanic slime creature closely misses you.
You slice the titanic slime creature!!
You headbutt the titanic slime creature!
The titanic slime creature is heavily wounded.
You slash the titanic slime creature!
You headbutt the titanic slime creature!!
The titanic slime creature is severely wounded.
The titanic slime creature hits you!!!!
You slash the titanic slime creature!
The titanic slime creature is severely wounded.
You hit the titanic slime creature.
You headbutt the titanic slime creature!
The titanic slime creature is severely wounded.
You block the titanic slime creature's attack.
You slash the titanic slime creature!
The titanic slime creature is severely wounded.
An unseen horror comes into view.
The titanic slime creature hits you!!!
* * * LOW HITPOINT WARNING * * *
You slice the titanic slime creature!!
The titanic slime creature is almost dead.
You slash the titanic slime creature!
You headbutt the titanic slime creature!
The titanic slime creature is almost dead.
The titanic slime creature hits you!!!!
You die...

#..# ##.# .
#######'## ..
#........# ..J
#........# [...
#........# .....
###........#
.....x####.'....>...#
......'HJ@.#........#
......######[.......#
##### #........#
#........# #########


You could see a titanic slime creature, a manticore and an unseen horror
(invisible).

Vanquished Creatures
  Harold (D:10)
  A two-headed ogre (D:8)
  4 skeletal warriors (D:9)
  The ghost of Gadrel the Firebug, a novice BaBr of Hepliaklqana (D:8)
  Pikel (D:4)
  2 cyclopes
  An ugly thing (D:11)
  Maurice (D:9)
  Joseph (D:9)
  Maggie (D:8)
  A queen bee (D:11)
  3 trolls
  2 wyverns
  A shadow (D:10)
  6 slime creatures (D:12)
  32 yaks
  A basilisk (D:8)
  2 vampire mosquitoes (D:12)
  3 steam dragons
  6 water moccasins
  2 orc warriors
  5 black bears
  An ice beast (D:7)
  2 sky beasts
  4 centaurs
  2 ogres
  2 wolves (D:8)
  4 kobold brigands
  9 bullfrogs
  4 gnoll sergeants
  2 scorpions
  3 wights (D:9)
  17 killer bees (D:11)
  5 howler monkeys
  10 hounds
  3 jellies
  A gnoll bouda (D:8)
  6 orc priests
  Terence (D:2)
  3 sleepcaps
  3 iguanas
  Natasha (thrice) (D:4)
  14 orc wizards
  21 gnolls
  5 adders
  3 shadow imps
  A white imp (D:5)
  3 worms
  3 dart slugs
  35 orcs
  7 endoplasms
  2 giant cockroaches
  11 goblins
  9 hobgoblins
  4 quokkas
  5 ball pythons
  4 bats
  4 frilled lizards
  16 kobolds
  12 rats
322 creatures vanquished.

Vanquished Creatures (others)
  A human (D:4)
1 creature vanquished.

Grand Total: 323 creatures vanquished

Notes
Turn   | Place    | Note
-------+----------+-------------------------------------------
     0 | D:1      | Wiggles the Minotaur Berserker began the quest for the Orb.
     0 | D:1      | Reached XP level 1. HP: 19/19 MP: 0/0
   396 | D:1      | Reached XP level 2. HP: 16/27 MP: 1/1
   475 | D:1      | Found Ybusot's Weapon Emporium.
   489 | D:1      | Found a faded altar of an unknown god.
   657 | D:1      | Reached skill level 4 in Axes
  1050 | D:1      | Reached XP level 3. HP: 33/33 MP: 2/2
  1225 | D:2      | Found the +0 toga "Victory" {*Victory Clar}
  1229 | D:2      | Reached ** piety under Trog
  1405 | D:2      | Noticed Terence
  1410 | D:2      | Killed Terence
  1462 | D:2      | Reached XP level 4. HP: 34/41 MP: 3/3
  1876 | D:3      | Reached skill level 5 in Axes
  1989 | D:3      | Found a snail-covered altar of Cheibriados.
  2098 | D:3      | Found an iron altar of Okawaru.
  2098 | D:3      | Found a stormy altar of Qazlal.
  2675 | D:4      | Reached XP level 5. HP: 39/47 MP: 4/4
  2727 | D:4      | Found a staircase to the Ecumenical Temple.
  2776 | D:4      | Noticed an animated crystal plate armour
  2784 | D:4      | Noticed Natasha
  2795 | D:4      | Killed Natasha
  2819 | D:4      | Noticed Natasha
  2832 | D:4      | Killed Natasha
  2833 | D:4      | Found Veocyf's Armour Boutique.
  2858 | D:4      | Noticed an animated plate armour
  3039 | D:4      | Noticed an ogre
  3047 | D:4      | Killed an ogre
  3048 | D:4      | Reached skill level 6 in Axes
  3048 | D:4      | Reached XP level 6. HP: 55/55 MP: 5/5
  3113 | D:4      | Noticed Pikel
  3115 | D:4      | Noticed Natasha
  3127 | D:4      | Killed Pikel
  3128 | D:4      | Reached skill level 5 in Fighting
  3128 | D:4      | Reached skill level 7 in Axes
  3128 | D:4      | Reached skill level 1 in Stealth
  3128 | D:4      | Reached XP level 7. HP: 61/61 MP: 6/6
  3130 | D:4      | Killed Natasha
  3134 | D:4      | Reached skill level 5 in Armour
  3138 | D:4      | Reached skill level 8 in Axes
  3683 | D:4      | Found a white marble altar of Elyvilon.
  3718 | D:4      | Found an ancient bone altar of Kikubaaqudgha.
  3719 | D:4      | Noticed a human
  3722 | D:4      | Killed a human
  4284 | D:5      | Entered Level 5 of the Dungeon
  4288 | D:5      | Reached XP level 8. HP: 68/69 MP: 7/7
  4851 | D:5      | Reached skill level 9 in Axes
  5251 | D:6      | Reached *** piety under Trog
  5407 | D:6      | Reached XP level 9. HP: 77/80 MP: 8/8
  5434 | D:6      | Found a glowing silver altar of Zin.
  5582 | D:6      | Reached skill level 10 in Axes
  5728 | D:6      | Reached skill level 1 in Shields
  5948 | D:6      | Identified a scroll of acquirement
  5948 | D:6      | Acquired the +0 hat "Lunaqize" {Rampage Fly}
  5995 | D:7      | Reached **** piety under Trog
  6154 | D:7      | Reached skill level 11 in Axes
  6332 | D:7      | Noticed a troll
  6336 | D:7      | Killed a troll
  6740 | D:8      | Reached skill level 12 in Axes
  6752 | D:8      | Reached XP level 10. HP: 91/91 MP: 9/9
  6851 | D:8      | Noticed Maggie
  6853 | D:8      | Found a staircase to the Lair.
  6868 | D:8      | Killed Maggie
  6958 | D:8      | Found a runed translucent door.
  6960 | D:8      | Found Bycu's Antique Armour Shop.
  6965 | D:8      | Bought a kite shield for 112 gold pieces
  7071 | D:8      | Found a bloodstained altar of Trog.
  7071 | D:8      | Found a shadowy altar of Dithmenos.
  7116 | D:8      | Found Itacaf's Armour Boutique.
  7147 | D:8      | Reached skill level 13 in Axes
  7211 | D:8      | Noticed Gadrel's ghost (novice BaBr)
  7283 | D:8      | Reached skill level 10 in Fighting
  7365 | D:8      | Noticed a cyclops
  7378 | D:8      | Killed a cyclops
  7379 | D:8      | Reached skill level 5 in Dodging
  7399 | D:8      | Noticed a two-headed ogre
  7458 | D:8      | Killed a two-headed ogre
  7648 | D:8      | Killed Gadrel's ghost
  7649 | D:8      | Reached XP level 11. HP: 101/101 MP: 10/10
  7759 | D:9      | Noticed a skeletal warrior
  7762 | D:9      | Noticed a skeletal warrior
  7767 | D:9      | Noticed a skeletal warrior
  7768 | D:9      | Noticed a skeletal warrior
  7774 | D:9      | Killed a skeletal warrior
  7775 | D:9      | Reached skill level 14 in Axes
  7786 | D:9      | Killed a skeletal warrior
  7793 | D:9      | Killed a skeletal warrior
  7793 | D:9      | Killed a skeletal warrior
  7794 | D:9      | Reached skill level 10 in Armour
  7999 | D:9      | Reached ***** piety under Trog
  8030 | D:9      | Found the +7 staff of the Meek {protect, meekguard}
  8084 | D:9      | Noticed Joseph
  8087 | D:9      | Paralysed by Joseph for 3 turns
  8097 | D:9      | Killed Joseph
  8112 | D:9      | Noticed Maurice
  8120 | D:9      | Killed Maurice
  8456 | D:9      | Reached skill level 15 in Axes
  8627 | D:9      | Found a hazy altar of Hepliaklqana.
  8680 | D:10     | Entered Level 10 of the Dungeon
  8720 | D:10     | Reached skill level 5 in Shields
  8746 | D:10     | Found a transporter.
  8748 | D:10     | Found a transporter.
  8748 | D:10     | Noticed Zeor's ghost (journeyman VSEn)
  8748 | D:10     | Noticed a deep elf pyromancer
  8749 | D:10     | Noticed a boulder beetle
  8750 | D:10     | Noticed a two-headed ogre
  8782 | D:10     | Noticed Harold
  8796 | D:10     | Killed Harold
  9106 | D:10     | Reached XP level 12. HP: 112/112 MP: 11/11
  9132 | D:10     | Found a staircase to the Orcish Mines.
  9229 | D:10     | Found a shimmering blue altar of Sif Muna.
  9442 | D:11     | Received a gift from Trog
  9678 | D:11     | Reached skill level 16 in Axes
 10303 | D:12     | Annihilated by a titanic slime creature

Illustrated notes

Levels and vault maps discovered:
D:1:      evilmike_arrival_rings, layout_basic, serial_shops, shop,
          dreamdust_ecumenical_altar_angels_and_demons
D:2:      layout_rooms, uniq_terence
D:3:      layout_loops_ring, gammafunk_temple_overflow_forgotten
D:4:      layout_loops_ring, tgw_kikubaaqudgha, elyvilon_altar_3,
          minmay_temple_entry_glassed_door, serial_shops,
          nicolae_shop_mannequins, serial_rivers,
          chequers_serial_rivers_small_3, chequers_serial_rivers_micro_a,
          chequers_serial_rivers_micro_e, chequers_serial_rivers_small_3,
          chequers_serial_rivers_marsh, hangedman_abyss_or_decor_lesser_grid,
          chequers_big_river, uniq_pikel, uniq_natasha
D:5:      layout_basic, kennysheep_cluttered_room
D:6:      layout_cave_pools, zin_scriptorium, hangedman_decor_growths,
          grunt_ministairs_11
D:7:      layout_loops_ring
D:8:      minmay_chambers_of_fours, layout_gridville,
          gammafunk_temple_overflow_statue, minmay_lair_entry_grove,
          ebering_ghost_reflecting_pool, serial_shops,
          nicolae_shop_rolling_square, shop, solitary_fountain, uniq_maggie
D:9:      layout_loops_ring, nicolae_overflow_hidden_temple,
          minmay_increasing_density, uniq_joseph, uniq_maurice
D:10:     layout_loops_ring, mainiacjoe_overflow_24_doors,
          gammafunk_ghost_arena, uniq_harold
D:11:     layout_loops_cross, minivault_7
D:12:     layout_roguey, nicolae_trove_entry_free_sample

Skill      XL: |  1  2  3  4  5  6  7  8  9 10 11 12 |
---------------+-------------------------------------+-----
Fighting       | 4 5 6 7 9 10 11 12 | 12.7
Axes           | 4 5 6 7 8 9 12 13 15 16 | 16.5
Dodging        | 3 4 5 |  5.1
Armour         | 3 4 5 6 7 9 10 11 | 11.2
Stealth        | 1 |  1.9
Shields        | 2 3 5 6 |  6.5
Evocations     | |  0.9

Action                     |  1- 3 |  4- 6 |  7- 9 | 10-12 || total
---------------------------+-------+-------+-------+-------++-------
  Melee: Hand axe          |    58 |    96 |   171 |       ||   325
         Headbutt          |    11 |    18 |    52 |   109 ||   190
         Punch             |       |     2 |     1 |       ||     3
         War axe           |       |       |   165 |   510 ||   675
 Invoke: Berserk           |     1 |     2 |     4 |     8 ||    15
         Brothers in Arms  |       |       |       |     1 ||     1
  Evoke: Wand              |       |     1 |       |       ||     1
    Use: Scroll            |       |       |    21 |     5 ||    26
 Armour: Animal skin       |     9 |       |       |       ||     9
         Leather armour    |     2 |     6 |       |       ||     8
         Chain mail        |       |    21 |       |       ||    21
         Plate armour      |       |    10 |   211 |   242 ||   463
  Dodge: Dodged            |    44 |    33 |   124 |   127 ||   328
  Block: Buckler           |       |       |    40 |    13 ||    53
         Kite shield       |       |       |       |   145 ||   145
